 Dungeon Sprint DCSS version 0.27-a0-1071-ga85bd9520d (webtiles) character file.

Game seed: 6447797209049971045

1071 mhtbhm the Arsonist (level 8, -8/41 HPs)
             Began as a Deep Elf Fire Elementalist on Apr 24, 2021.
             Was an Elder of Vehumet.
             Mangled by a deep elf knight
             ... wielding a +0 long sword
              (10 damage)
             ... in the Dungeon (Sprint V: "Ziggurat Sprint").
             The game lasted 00:02:28 (357 turns).

mhtbhm the Arsonist (Deep Elf Fire Elementalist)     Turns: 357, Time: 00:02:29

Health: -8/41      AC:  5    Str:  5    XL:     8   Next: 7%
Magic:  22/24      EV: 15    Int: 37    God:    Vehumet [****..]
Gold:   0          SH:  0    Dex: 15    Spells: 12/28 levels left

rFire    + . .     SeeInvis .   C - +8 lance "Wyrmbane" {slay drac, rPois rF+ rC+ AC+3}
rCold    + . .     Faith    .   (no shield)
rNeg     + . .     Spirit   .   a - +0 robe
rPois    +         Reflect  .   (no helmet)
rElec    .         Harm     .   (no cloak)
rCorr    +         Rampage  .   (no gloves)
Will     .....     NoTele   +   (no boots)
Stlth    +++.......             r - amulet of Elyvilon's Benevolence {rPois rN+ Regen+ rCorr Int+2}
HPRegen  1.13/turn              u - +6 ring of intelligence
MPRegen  0.19/turn              v - +6 ring of intelligence

@: flying (expiring), studying Necromancy
A: no striking features
a: Renounce Religion


You were in the Dungeon.
You worshipped Vehumet.
Vehumet was greatly pleased with you.
You visited 1 branch

Inventory:

Hand Weapons
 C - the +8 lance "Wyrmbane" (weapon) {slay drac, rPois rF+ rC+ AC+3}
   (You found it in the Dungeon)

   It affects your AC (+3).
   It protects you from fire.
   It protects you from cold.
   It protects you from poison.
Armour
 a - a +0 robe (worn)
Jewellery
 r - the amulet of Elyvilon's Benevolence (around neck) {rPois rN+ Regen+ rCorr Int+2}
   (You found it in the Dungeon)

   [amulet of regeneration]

   It affects your intelligence (+2).
   It protects you from poison.
   It protects you from negative energy.
   It increases your rate of health regeneration.
   It protects you from acid and corrosion.
 u - a +6 ring of intelligence (left hand)
 v - a +6 ring of intelligence (right hand)
Wands
 y - a wand of mindburst (6)
 z - a wand of iceblast (5)
 A - a wand of acid (4)
Scrolls
 h - 4 scrolls of blinking
 m - 4 scrolls of amnesia
 n - 7 scrolls of fog
 o - a scroll of holy word
 p - 5 scrolls of identify
 q - 2 scrolls of fear
Potions
 b - 2 potions of brilliance
 c - 10 potions of curing
 d - 10 potions of heal wounds
 e - 6 potions of haste
 f - 7 potions of magic
 g - 3 potions of berserk rage
 i - 2 potions of invisibility
 j - 4 potions of resistance
 k - a potion of experience
 l - 5 potions of might
Miscellaneous
 s - a piece from Xom's chessboard (15/15)
 B - a lightning rod (4/4)


   Skills:
 + Level 7.6 Dodging
 - Level 6.4 Stealth
 + Level 10.9 Spellcasting
 + Level 1.8 Conjurations
 + Level 3.4 Hexes
 + Level 13.6 Fire Magic
 + Level 4.8 Evocations


You had 12 spell levels left.
You knew the following spells:

 Your Spells              Type           Power      Damage    Failure   Level
a - Foxfire               Conj/Fire      100%       2x1d9     1%          1
b - Conjure Flame         Conj/Fire      67%        6-21      1%          3
c - Inner Flame           Hex/Fire       70%        N/A       1%          3
d - Sticky Flame          Conj/Fire      67%        2d8       1%          4
e - Fireball              Conj/Fire      33%        3d14      1%          5

Your spell library contained the following spells:

 Spells                   Type           Power      Damage    Failure   Level
 Poisonous Vapours        Pois/Air       40%        N/A       1%          2
 Sting                    Tmut/Pois      80%        1d7       1%          1
 Ignite Poison            Fire/Tmut/Pois 52%        N/A       1%          3
 Mephitic Cloud           Conj/Pois/Air  24%        N/A       1%          3
 Olgreb's Toxic Radiance  Pois           20%        N/A       5%          4


Dungeon Overview and Level Annotations

Branches:
Dungeon (1/1)

Altars:
Ashenzari
Cheibriados
Dithmenos
Elyvilon
Fedhas
Gozag
Hepliaklqana
Kikubaaqudgha
Makhleb
Nemelex Xobeh
Okawaru
Qazlal
Ru
Sif Muna
Trog
Uskayaw
Vehumet
Wu Jian
Xom
Yredelemnul
Zin
The Shining One
Beogh
Jiyva
Lugonu

Annotations:
D 1 transporter


Message History

Your Dodging skill increases to level 7!
Your Spellcasting skill increases to level 10!
Your Hexes skill increases to level 3!
Your Fire Magic skill increases to level 13!
Your Evocations skill increases to level 4!
You have reached level 8!
You feel clever.
Unknown command.
Aiming: Corrosive Bolt
Press: ? - help, Shift-Dir - straight line, f - deep elf knight, p - air elemental
Aim: a deep elf knight, wielding a +0 long sword, wearing a +0 ring mail and wearing a +2 buckler (raging winds, fast, 54% to hit)
The bolt of acid hits the air elemental!
The air elemental is splashed with acid.
The acid corrodes the air elemental!
The air elemental is almost destroyed.
The bolt of acid hits the deep elf knight!!
The deep elf knight is splashed with acid.
The acid corrodes the deep elf knight!
The deep elf knight is heavily wounded.
The bolt of acid hits the +1 flail of protection.
The +1 flail of protection is splashed with acid!
The acid corrodes the +1 flail of protection!
The +1 flail of protection is heavily damaged.
You are engulfed in raging winds.
The air elemental hits you. The air elemental misses you.
The air elemental hits you!
Unknown command.
Unknown command.
Aiming: Corrosive Bolt
Press: ? - help, Shift-Dir - straight line, f - deep elf knight, p - deep elf knight
Aim: a deep elf knight, wielding a +0 long sword (raging winds, moderately wounded, 51% to hit)
The bolt of acid misses the air elemental.
The bolt of acid misses the deep elf knight.
You are engulfed in raging winds.
* * * LOW HITPOINT WARNING * * *
The winds around the air elemental start to calm down.
The air elemental hits you.
* * * LOW HITPOINT WARNING * * *
The air elemental misses you.
The deep elf knight hits you with a +0 long sword!
You die...

▓.....▓.....▓..©..▓
▓..©..▓..©..▓▓▓▓▓▓▓
▓▓▓▓▓▓▓▓▓▓▓▓▓▓▓▓▓▓▓
▓..8©8...▓..8©8...▓
▓...)....▓..!:=...▓
▓...[....▓.§§§§§§§▓
▓........▓.§§§(§§§▓
▓........▓.§§§e§§§▓
▓.▓....▓.▓.§§§E@§§▓
▓...©....▓.§§§e§§§▓
▓▓▓▓▓▓▓▓▓▓▓▓▓▓▓▓▓▓▓


You could see 2 deep elf knights, an air elemental (corroded) and a +1 flail of
protection (corroded).

Vanquished Creatures
  A spriggan (D)
  2 black bears (D)
  A wolf (D)
  A crimson imp (D)
  2 orc priests (D)
  2 iron imps (D)
  2 mummies (D)
  A white imp (D)
  A quokka zombie (D)
13 creatures vanquished.

Vanquished Creatures (others)
  A dancing weapon (D)
1 creature vanquished.

Grand Total: 14 creatures vanquished

Notes
Turn   | Place    | Note
-------+----------+-------------------------------------------
     0 | D        | mhtbhm the Deep Elf Fire Elementalist began the quest for
                  | the Orb.
     0 | D        | Reached XP level 1. HP: 10/10 MP: 6/6
     0 | D        | Found a shimmering blue altar of Sif Muna.
     0 | D        | Found a bloodstained altar of Trog.
     0 | D        | Found a sacrificial altar of Ru.
     0 | D        | Found a stormy altar of Qazlal.
     0 | D        | Found an iron altar of Okawaru.
     1 | D        | Found a sparkling altar of Nemelex Xobeh.
     1 | D        | Found a blossoming altar of Fedhas.
     2 | D        | Found the +6 Majin-Bo {vamp, MP+6 Int+6}
     2 | D        | Found the +9 heavy crossbow "Sniper" {vorpal, Acc+∞ SInv}
     2 | D        | Found the +10 dark maul {vorpal}
     2 | D        | Found the +15 Maxwell's patent armour {-Cast -Tele rElec
                  | Will+ rCorr}
     2 | D        | Found the +18 shield of the Gong {rElec rN+ Will+ EV-5}
     2 | D        | Found the +14 obsidian axe {vorpal, Drain Fly SInv}
     2 | D        | Found the +7 great mace "Firestarter" {inner flame, rF++}
     2 | D        | Found the +6 shillelagh "Devastator" {shatter}
     2 | D        | Found the +11 plutonium sword {Contam Stlth-}
     2 | D        | Found the +8 lance "Wyrmbane" {slay drac, rPois rF+ rC+
                  | AC+3}
     2 | D        | Found the +9 sword of Zonguldrok {reap}
     2 | D        | Found the +13 scythe of Curses {drain, Drain}
     2 | D        | Found the +5 sword of Power {vorpal}
     2 | D        | Found the +7 mace of Variability {chain chaos}
     2 | D        | Found the +7 Singing Sword {vorpal, sonic wave}
     2 | D        | Found the +8 storm bow {elec, penet}
     3 | D        | Found a transporter.
     3 | D        | Found an ancient bone altar of Kikubaaqudgha.
     3 | D        | Found a viscous altar of Jiyva.
     3 | D        | Found a corrupted altar of Lugonu.
     3 | D        | Found a hazy altar of Hepliaklqana.
     3 | D        | Found a burning altar of Makhleb.
     3 | D        | Found an opulent altar of Gozag.
    37 | D        | Became a worshipper of Vehumet
    61 | D        | Entered arena 2.
    61 | D        | Noticed an orc priest
    61 | D        | Noticed an orc priest
    61 | D        | Found a transporter.
    62 | D        | Killed an orc priest
    63 | D        | Reached skill level 5 in Fire Magic
    63 | D        | Reached XP level 2. HP: 15/15 MP: 6/9
    63 | D        | Reached XP level 3. HP: 19/19 MP: 7/11
    64 | D        | Reached skill level 5 in Spellcasting
    64 | D        | Reached skill level 6 in Fire Magic
    72 | D        | Got the amulet of Elyvilon's Benevolence {rPois rN+ Regen+
                  | rCorr Int+2}
   109 | D        | Learned a level 3 spell: Conjure Flame
   113 | D        | Learned a level 3 spell: Inner Flame
   113 | D        | Entered arena 3.
   113 | D        | Found a transporter.
   116 | D        | Reached * piety under Vehumet
   116 | D        | Offered knowledge of Magic Dart by Vehumet.
   117 | D        | Reached skill level 7 in Fire Magic
   117 | D        | Reached XP level 4. HP: 24/24 MP: 5/13
   184 | D        | Acquired the +0 buckler of Omission {rElec rC++ Str-5
                  | Stlth+}
   193 | D        | Entered arena 4.
   193 | D        | Noticed a wolf
   193 | D        | Noticed a spriggan
   193 | D        | Noticed a black bear
   193 | D        | Noticed a black bear
   193 | D        | Found a transporter.
   195 | D        | Killed a black bear
   195 | D        | Reached ** piety under Vehumet
   195 | D        | Killed a spriggan
   196 | D        | Reached skill level 5 in Stealth
   196 | D        | Reached skill level 10 in Fire Magic
   196 | D        | Reached XP level 5. HP: 25/28 MP: 13/17
   196 | D        | Reached XP level 6. HP: 29/32 MP: 14/19
   197 | D        | Reached skill level 11 in Fire Magic
   203 | D        | Learned a level 4 spell: Sticky Flame
   209 | D        | Learned a level 5 spell: Fireball
   329 | D        | Entered arena 5.
   329 | D        | Found a transporter.
   330 | D        | Offered knowledge of Poisonous Vapours by Vehumet.
   330 | D        | Reached *** piety under Vehumet
   332 | D        | Reached skill level 12 in Fire Magic
   332 | D        | Reached XP level 7. HP: 36/36 MP: 16/22
   336 | D        | Reached **** piety under Vehumet
   354 | D        | Entered arena 6.
   354 | D        | Noticed a +1 vorpal long sword
   354 | D        | Noticed a deep elf knight
   354 | D        | Noticed a deep elf knight
   354 | D        | Noticed a +1 flail of protection
   354 | D        | Noticed an air elemental
   354 | D        | Found a transporter.
   355 | D        | Killed a +1 vorpal long sword
   356 | D        | Reached skill level 10 in Spellcasting
   356 | D        | Reached skill level 13 in Fire Magic
   356 | D        | Reached XP level 8. HP: 34/41 MP: 22/24
   357 | D        | HP: 2/41 [air elemental (4)]
   357 | D        | Mangled by a deep elf knight

Illustrated notes

Levels and vault maps discovered:
D:        sprint_v [room_start, room_1, room_2, room_3, room_4, room_5, room_6,
          room_7, room_8, room_9, room_10, room_11, room_12, room_13, room_14,
          room_15, room_16, room_17, room_18, room_19, room_20, room_21,
          room_22, room_23, room_24, room_25, room_26, room_27]

Skill      XL: |  1  2  3  4  5  6  7 |
---------------+----------------------+-----
Dodging        | 3 4 6 7 |  7.6
Stealth        | 3 4 5 6 |  6.4
Spellcasting   | 4 5 8 9 10 | 10.9
Fire Magic     | 5 7 10 12 13 | 13.6
Hexes          | 2 3 |  3.4
Evocations     | 2 3 4 |  4.8
Conjurations   | |  1.8

Action                   |  1- 3 |  4- 6 |  7- 9 || total
-------------------------+-------+-------+-------++-------
 Cast: Inner Flame       |     1 |       |       ||     1
       Fireball          |       |     1 |       ||     1
Evoke: Wand              |     2 |     1 |     3 ||     6
       Lightning rod     |     1 |     4 |     5 ||    10
  Use: Scroll            |       |     1 |       ||     1
Armor: Robe              |       |     1 |       ||     1
Dodge: Dodged            |       |       |     3 ||     3

Table legend: (Time is in decaauts)
 A = Elapsed time spent in this place.
 B = Non-inter-level travel time spent in this place.
 C = Inter-level travel time spent in this place.
 D = Time resting spent in this place.
 E = Time spent auto-exploring this place.
 F = Levels seen in this place.
 G = Mean time per level.
                   A        B        C        D        E       F      G
               +--------+--------+--------+--------+--------+-----+--------+
         Total |    355 |    355 |      0 |    188 |      0 |   1 |  355.0 |
       Dungeon |    355 |    355 |      0 |    188 |      0 |   1 |  355.0 |
               +--------+--------+--------+--------+--------+-----+--------+

Top non-repeatable levels by time:
       D: 355 daAuts
